 Dungeon Crawl Stone Soup version 0.30-a0-1085-g990a428a5c (webtiles) character file.

Game seed: 5530572974395390685

1941 LustLizard the Gusty (level 8, -3/46 HPs)
             Began as a Deep Elf Air Elementalist on Apr 16, 2023.
             Was a Follower of Vehumet.
             Shot with an arrow by a centaur (6 damage)
             ... on level 8 of the Dungeon.
             The game lasted 00:15:49 (7976 turns).

LustLizard the Gusty (Deep Elf Air Elementalist)    Turns: 7976, Time: 00:15:50

Health: -3/46      AC:  3    Str: 13    XL:     8   Next: 98%
Magic:  13/19      EV: 12    Int: 21    God:    Vehumet [*.....]
Gold:   299        SH:  4    Dex: 17    Spells: 6/19 levels left

rFire   . . .      SeeInvis +    j - +1 short sword (elec)
rCold   + . .      Faith    .    x - +0 buckler
rNeg    . . .      Spirit   .    s - +0 leather armour
rPois   +          Reflect  .    (no helmet)
rElec   .          Rampage  .    t - scarf of Lezxo {shadows, Drain rPois Dex+2 SInv}
rCorr   .                        (no gloves)
Will    .....                    (no boots)
Stlth   +++                      (no amulet)
HPRegen 0.27/turn                p - ring of protection from cold
MPRegen 0.16/turn                q - +6 ring of strength

@: no status effects
A: no striking features
a: Renounce Religion


You were on level 8 of the Dungeon.
You worshipped Vehumet.
Vehumet was aware of your devotion.
You visited 1 branch of the dungeon, and saw 7 of its levels.
You also visited: Sewer.

You collected 499 gold pieces.
You spent 200 gold pieces at shops.

Inventory:

Hand Weapons
 j - a +1 short sword of electrocution (weapon)
Armour
 a - a +0 robe
 n - an orb of light
 s - a +0 leather armour (worn)
 t - the scarf of Lezxo (worn) {shadows, Drain rPois Dex+2 SInv}
   (You bought it in a shop on level 5 of the Dungeon)

   Dex:       It affects your dexterity (+2).
   rPois:     It protects you from poison.
   SInv:      It lets you see invisible.
   Drain:     It drains your maximum health when unequipped.
 x - a +0 buckler (worn)
Magical Staves
 g - a staff of poison
 u - a staff of earth
Jewellery
 p - a ring of protection from cold (left hand)
 q - a +6 ring of strength (right hand)
 v - a +6 ring of dexterity
Wands
 m - a wand of digging (6)
 w - a wand of mindburst (10)
Scrolls
 c - 2 scrolls of fog {unknown}
 f - 5 scrolls of teleportation {unknown}
 l - 3 scrolls of identify
 o - a scroll of acquirement {unknown}
Potions
 b - a potion of magic
 d - a potion of heal wounds {unknown}
 e - 2 potions of curing
 h - a potion of brilliance {unknown}
 i - a potion of degeneration {unknown}
 k - a potion of attraction {unknown}
 r - a potion of resistance {unknown}
 z - a potion of might {unknown}


   Skills:
 + Level 3.3 Fighting
 - Level 2.4 Dodging
 - Level 4.1 Stealth
 * Level 1.6 Shields
 + Level 6.1 Spellcasting
 * Level 6.6 Conjurations
 + Level 3.1 Translocations
 + Level 1.5 Ice Magic
 * Level 6.8 Air Magic


You had 6 spell levels left.
You knew the following spells:

 Your Spells              Type           Power      Damage    Failure   Level
a - Shock                 Conj/Air       100%       1d9       1%          1
b - Static Discharge      Conj/Air       68%        2-5/arc   1%          2
c - Swiftness             Air            35%        N/A       3%          3
d - Blink                 Tloc           38%        N/A       7%          2
e - Airstrike             Air            17%        2d(3-19)  10%         4
f - Freeze                Ice            48%        1d6       9%          1

Your spell library contained the following spells:

 Spells                   Type           Power      Damage    Failure   Level
 Momentum Strike          Conj/Tloc      54%        3d9       3%          2
 Kiss of Death            Conj/Necr      80%        2d11      4%          1
 Lesser Beckoning         Tloc           38%        N/A       7%          2
 Scorch                   Fire           12%        2d6       26%         2
 Flame Wave               Conj/Fire      20%        2d7       38%         4
 Confusing Touch          Hex            6%         N/A       45%         3
 Dispel Undead            Necr           6%         3d8       86%         4
 Summon Cactus Giant      Summ           3%         N/A       100%        6


Dungeon Overview and Level Annotations

Branches:
Dungeon (6/15)             Temple (0/1) D:6           Sewer (visited)

Altars:
Fedhas
Kikubaaqudgha
Makhleb
Nemelex Xobeh
Qazlal
Vehumet

Shops:
D:5 [


Message History

The centaur shoots an arrow.
The arrow hits you!
A bullfrog comes into view.
You are too injured to fight recklessly!
Unknown command.
Casting: Shock (safe; 1% risk of failure)
Confirm with . or Enter, or press ? or * to list all spells.
Okay, then.
Casting: Shock (safe; 1% risk of failure)
Confirm with . or Enter, or press ? or * to list all spells.
You blink.
The centaur shoots an arrow.
The arrow hits you!
* * * LOW HITPOINT WARNING * * *
Okay, then.
Aiming: Shock (safe; 1% risk of failure)
Press: ? - help, Q - select action, (/) - cycle Shift-Dir - straight line, f/p - centaur
Aim: a centaur, wielding a +0 shortbow (heavily wounded, 84% to hit)
The zap hits the centaur.
The centaur is severely wounded.
The bullfrog gives a loud, deep croak!
The centaur shoots an arrow.
The arrow hits you!
* * * LOW HITPOINT WARNING * * *
A wight comes into view.
It is wielding a +3 long sword of freezing.
Okay, then.
Aiming: Shock (safe; 1% risk of failure)
Press: ? - help, Q - select action, (/) - cycle Shift-Dir - straight line, f/p - centaur
Aim: a centaur, wielding a +0 shortbow (severely wounded, 84% to hit)
The zap hits the centaur.
The centaur is severely wounded.
The centaur shoots an arrow.
The arrow hits you.
* * * LOW HITPOINT WARNING * * *
Aiming: Shock (safe; 1% risk of failure)
Press: ? - help, Q - select action, (/) - cycle Shift-Dir - straight line, f/p - centaur
Aim: a centaur, wielding a +0 shortbow (severely wounded, 84% to hit)
The zap hits the centaur.
The centaur is almost dead.
You feel stable enough to blink again.
The centaur shoots an arrow.
The arrow hits you.
* * * LOW HITPOINT WARNING * * *
A wight comes into view. It is wielding a +0 spear.
The centaur shoots an arrow.
The arrow hits you.
You die...

##...## #......# #...## #..
#.###).# ##...# #.... .# #..#
#...## #...... #..# #...#
.... #..# #...# #'#######.^#
#..## ####.)........# ....5
##......####...# ........
+..@..............
..........#...)....###..#####
~.z~..~~...#..F.....# #..#
≈≈~~~~~≈....#<...$...# #...
..........# ###.#
~...z.c..... ~~.....z..####
≈~~....###


You could see a bullfrog, a centaur and 2 wights.

Vanquished Creatures
  A wyvern (D:5)
  Menkaure (D:4)
  A black bear (D:6)
  An ice beast (D:5)
  An ogre (D:5)
  A centaur (D:8)
  A kobold brigand (D:6)
  2 bullfrogs
  5 scorpions
  6 wights
  A jelly (D:5)
  3 hounds
  3 iguanas
  An orc wizard (D:3)
  12 adders
  7 gnolls
  A shadow imp (D:6)
  An ufetubus (D:4)
  3 worms
  2 dart slugs
  11 orcs
  7 ball pythons
  11 endoplasms
  12 giant cockroaches
  5 goblins
  8 hobgoblins
  4 jackals (D:3)
  11 kobolds
  7 quokkas
  9 bats
  9 frilled lizards
  4 rats (D:2)
152 creatures vanquished.

Vanquished Creatures (others)
  4 plants
4 creatures vanquished.

Grand Total: 156 creatures vanquished

Notes
Turn   | Place    | Note
-------+----------+-------------------------------------------
     0 | D:1      | LustLizard the Deep Elf Air Elementalist began the quest
                  | for the Orb.
     0 | D:1      | Reached XP level 1. HP: 10/10 MP: 6/6
   229 | D:1      | Reached XP level 2. HP: 15/15 MP: 2/8
  1228 | D:2      | Reached XP level 3. HP: 20/20 MP: 6/9
  1290 | D:2      | Learned a level 2 spell: Static Discharge
  1294 | D:2      | Learned a level 3 spell: Swiftness
  1800 | D:2      | Found a sparkling altar of Nemelex Xobeh.
  1846 | D:2      | Reached skill level 1 in Fighting
  1846 | D:2      | Reached XP level 4. HP: 25/25 MP: 4/11
  2845 | D:3      | Reached XP level 5. HP: 29/29 MP: 8/12
  3145 | D:3      | Found a faded altar of an unknown god.
  3607 | D:4      | Found a stormy altar of Qazlal.
  3754 | D:4      | Reached XP level 6. HP: 19/34 MP: 5/14
  4077 | D:4      | Found a radiant altar of Vehumet.
  4128 | D:4      | Found an ancient bone altar of Kikubaaqudgha.
  4132 | D:4      | Became a worshipper of Vehumet
  4269 | D:4      | Noticed Menkaure
  4277 | D:4      | Killed Menkaure
  4750 | D:4      | Found a blossoming altar of Fedhas.
  4929 | D:5      | Entered Level 5 of the Dungeon
  4933 | D:5      | Found Ynuor's Antique Armour Boutique.
  4940 | D:5      | Bought an ancient scarf for 200 gold pieces
  4940 | D:5      | Identified the scarf of Lezxo {shadows, Drain rPois Dex+2
                  | SInv} (You bought it in a shop on level 5 of the Dungeon)
  4977 | D:5      | Reached skill level 5 in Air Magic
  4977 | D:5      | Reached XP level 7. HP: 34/40 MP: 7/15
  5056 | D:5      | Learned a level 2 spell: Blink
  5117 | D:5      | Found a glowing drain.
  5225 | D:5      | Learned a level 4 spell: Airstrike
  5226 | Sewer    | Entered a sewer
  5315 | Sewer    | Reached * piety under Vehumet
  5315 | Sewer    | Offered knowledge of Freeze by Vehumet.
  5318 | Sewer    | Learned a level 1 spell: Freeze
  5925 | D:5      | Noticed a wyvern
  5935 | D:5      | Killed a wyvern
  5936 | D:5      | Reached skill level 5 in Spellcasting
  5936 | D:5      | Reached skill level 5 in Conjurations
  5936 | D:5      | Reached skill level 1 in Translocations
  6241 | D:5      | Reached XP level 8. HP: 45/45 MP: 8/18
  6891 | D:5      | Found a burning altar of Makhleb.
  7414 | D:6      | Found a staircase to the Ecumenical Temple.
  7549 | D:6      | Reached skill level 1 in Shields
  7549 | D:6      | Reached skill level 1 in Ice Magic
  7697 | D:6      | You fall into a shaft and drop 2 floors!
  7976 | D:8      | Shot with an arrow by a centaur

Illustrated notes

Levels and vault maps discovered:
D:1:      dpeg_arrival_pond, layout_loops_cross, serial_forest,
          infiniplex_forest_end_1, infiniplex_forest_clump_small,
          infiniplex_forest_lined_3, infiniplex_forest_fountain,
          infiniplex_forest_end_3, infiniplex_forest_clump_diagonal,
          infiniplex_forest_zigzag_1
D:2:      minmay_spotlight, layout_basic, basic_altar, minmay_circle_x
D:3:      layout_basic, shapermc_ecumenical_altar_flowoftime,
          chequers_serial_rivers_small_3
D:4:      layout_loops_corners, grunt_temple_overflow_forces_of_nature,
          jmf_multi_god_temple, uniq_menkaure
D:5:      layout_basic, lightli_temple_of_fire, gup_sewer_entry_bubbles,
          serial_shops, nicolae_stop_n_shop_1, st_stairs_3,
          minmay_misc_feat_pillars
D:6:      layout_basic, nicolae_ru_path_of_blood, nicolae_overflow_squiral,
          minmay_temple_entry_grid
D:8:      layout_basic, chequers_big_river, eino_curves_02

Skill      XL: |  1  2  3  4  5  6  7  8 |
---------------+-------------------------+-----
Conjurations   | 2 3 4 5 6 |  6.6
Stealth        | 3 4 |  4.1
Fighting       | 1 2 3 |  3.3
Air Magic      | 4 5 6 |  6.8
Spellcasting   | 4 5 6 |  6.1
Translocations | 1 3 |  3.1
Shields        | 1 |  1.6
Ice Magic      | 1 |  1.5
Dodging        | |  2.4

Action                     |  1- 3 |  4- 6 |  7- 9 || total
---------------------------+-------+-------+-------++-------
   Cast: Shock             |    91 |   110 |   172 ||   373
         Static Discharge  |       |    15 |    22 ||    37
         Blink             |       |       |     1 ||     1
    Use: Scroll            |       |     1 |       ||     1
 Armour: Robe              |     2 |     3 |       ||     5
         Leather armour    |       |     1 |     5 ||     6
  Dodge: Dodged            |     8 |    12 |    18 ||    38
  Block: Buckler           |       |       |     4 ||     4

Table legend: (Time is in decaauts)
 A = Elapsed time spent in this place.
 B = Non-inter-level travel time spent in this place.
 C = Inter-level travel time spent in this place.
 D = Time resting spent in this place.
 E = Time spent auto-exploring this place.
 F = Levels seen in this place.
 G = Mean time per level.
                   A        B        C        D        E       F      G
               +--------+--------+--------+--------+--------+-----+--------+
         Total |   8088 |   7829 |    259 |    273 |   6436 |   8 | 1011.0 |
       Dungeon |   7331 |   7072 |    259 |    273 |   5772 |   7 | 1047.3 |
         Sewer |    756 |    756 |      0 |      0 |    663 |   1 |  756.0 |
               +--------+--------+--------+--------+--------+-----+--------+

Top non-repeatable levels by time:
     D:5: 1393 daAuts
     D:4: 1320 daAuts
     D:3: 1252 daAuts
     D:2: 1229 daAuts
     D:1: 1127 daAuts
   Sewer: 756 daAuts
     D:6: 728 daAuts
     D:8: 278 daAuts
